Jets vs Senateurs
Created - March 9, 2018 at 19:15
Goals
|
| Jets |
3 |
2 |
2 |
7 |
| Senateurs |
0 |
0 |
3 |
3 |
|
Shots
|
| Jets |
13 |
8 |
15 |
36 |
| Senateurs |
9 |
9 |
11 |
29 |
|
1st period
1. Jets , Derek Roy 27 (Lee Stempniak 16, Anton Volchenkov 10) at 5:03
2. Jets , Devin Setoguchi 16 (Marco Scandella 33, Alexander Frolov 25) at 12:52
3. Jets , Devin Setoguchi 17 (Marco Scandella 34, Derek Stepan 35) at 13:02
Penalties :
Lee Stempniak (Win) for Tripping (Minor) at 0:33, Evgeni Malkin (Ott) for Roughing (Minor) at 5:28, Ramzi Abid (Ott) for High sticking (Minor) at 8:13
2nd period
4. Jets , Erik Haula 6 (Shea Weber 19, Dustin Brown 30) at 2:03
5. Jets , Dustin Brown 23 (Benoit Pouliot 41, Derek Roy 50) at 12:30 (PP)
Penalties :
Brooks Orpik (Ott) for Holding (Minor) at 7:32, Derek Stepan (Win) for Hooking (Minor) at 7:43, Ramzi Abid (Ott) for Hooking (Minor) at 12:27, Thomas Vanek (Ott) for Hooking (Minor) at 19:28
3rd period
6. Senateurs , Kurtis Foster 4 (Dan Hamhuis 24) at 3:44
7. Jets , Derek Roy 28 (Benoit Pouliot 42, Marco Scandella 35) at 6:11
8. Senateurs , Evgeni Malkin 43 (B.J. Crombeen 22, Thomas Vanek 40) at 9:33
9. Senateurs , Brenden Morrow 21 (Carlo Colaiacovo 16, Johan Franzen 22) at 11:52 (PP)
10. Jets , Benoit Pouliot 40 (Shea Weber 20) at 12:04
Penalties :
B.J. Crombeen (Ott) for Fighting (Major) at 11:01, Tyler Myers (Win) for Fighting (Major) at 11:01, Tyler Myers (Win) for instigated a fight (Minor) at 11:01, Tyler Myers (Win) for instigated a fight (10 Minutes Misconduct) at 11:01
Goalie Stats
Kari Lehtonen (Win), 26 saves from 29 shots - (0.897), W, 22-11-2, 60:00 minutes
Jeff Deslauriers (Ott), 17 saves from 20 shots - (0.850), 37:57 minutes
Ondrej Pavelec (Ott), 12 saves from 16 shots - (0.750), L, 23-17-2, 22:03 minutes
Players Stats for Jets
Player Name G A P +/- PIM S H SB GA TA FO MP PP MP PK MP
------------------------------------------------------------------------------------
Alexander Frolov 0 1 1 1 0 1 1 0 1 0 0/0 18:41 2:46 1:55
Anton Volchenkov 0 1 1 -1 0 0 1 0 0 0 0/0 16:34 0:00 1:58
Benoit Pouliot 1 2 3 3 0 2 4 0 2 0 1/1 20:05 3:25 0:19
Derek Roy 2 1 3 3 0 5 1 0 0 1 12/28 19:58 3:25 0:09
Derek Stepan 0 1 1 1 2 4 4 0 0 1 10/18 16:18 2:45 0:00
Devin Setoguchi 2 0 2 1 0 5 0 0 0 0 1/1 16:00 2:46 0:00
Dustin Brown 1 1 2 3 0 4 1 1 0 0 0/0 20:22 3:22 0:50
Eric Gelinas 0 0 0 -1 0 0 1 0 0 0 0/0 18:43 2:22 0:00
Erik Haula 1 0 1 1 0 3 2 0 1 0 2/4 11:09 0:00 1:59
James Wright 0 0 0 1 0 0 3 0 0 0 1/2 8:49 0:00 0:00
Joe Colborne 0 0 0 -1 0 4 0 1 0 0 2/6 12:12 0:00 0:50
Josh Bailey 0 0 0 1 0 3 2 0 0 0 0/0 8:33 0:00 0:00
Justin Falk 0 0 0 -1 0 0 0 0 0 0 0/0 12:01 0:00 0:00
Lee Stempniak 0 1 1 -1 2 0 2 0 0 0 1/2 11:40 0:03 0:00
Marco Scandella 0 3 3 6 0 2 2 5 1 0 0/0 28:23 3:49 1:54
Marcus Johansson 0 0 0 -1 0 1 0 0 0 1 1/1 11:22 0:00 0:00
Shea Weber 0 2 2 6 0 1 1 3 1 1 0/0 25:42 2:22 1:07
Tyler Myers 0 0 0 -1 17 1 3 1 0 0 0/0 18:36 3:49 1:03
Players Stats for Senateurs
Player Name G A P +/- PIM S H SB GA TA FO MP PP MP PK MP
------------------------------------------------------------------------------------
Arturs Kulda 0 0 0 1 0 1 0 0 0 0 0/0 5:34 0:00 0:00
B.J. Crombeen 0 1 1 -1 5 1 3 0 0 1 0/0 17:29 1:00 0:56
Brenden Morrow 1 0 1 0 0 3 1 1 0 0 1/2 19:50 1:04 2:29
Brooks Orpik 0 0 0 -1 2 1 0 0 0 1 0/0 9:44 0:10 0:00
Carlo Colaiacovo 0 1 1 -1 0 1 3 1 0 0 0/0 18:53 0:56 2:06
Cody Franson 0 0 0 -1 0 0 0 0 0 0 0/0 18:53 0:56 2:06
Cody Hodgson 0 0 0 0 0 1 1 0 0 0 4/9 16:53 1:04 0:07
Dan Girardi 0 0 0 1 0 0 0 0 0 0 0/0 5:34 0:00 0:00
Dan Hamhuis 0 1 1 -3 0 1 2 3 0 1 0/0 25:24 1:54 4:05
David Krejci 0 0 0 -2 0 0 2 0 1 0 5/7 15:36 0:06 1:03
Evgeni Malkin 1 0 1 -2 2 2 2 2 0 1 18/38 24:16 1:51 2:50
Johan Franzen 0 1 1 0 0 3 1 0 0 0 0/1 16:37 1:04 0:00
Kurtis Foster 1 0 1 -3 0 4 1 5 2 0 0/0 25:58 2:05 4:05
Pascal Dupuis 0 0 0 -2 0 1 1 0 0 0 0/0 13:49 0:06 0:00
Ramzi Abid 0 0 0 -3 4 5 1 1 1 0 2/3 16:38 0:47 0:17
Sergei Kostitsyn 0 0 0 0 0 0 0 0 0 1 1/1 7:08 0:00 2:18
Thomas Vanek 0 1 1 -2 2 5 3 1 0 0 1/2 23:30 1:51 2:22
Vladimir Mihalik 0 0 0 -1 0 0 0 2 0 1 0/0 10:09 0:11 0:00
3 Stars
1 - Marco Scandella (Win)
2 - Derek Roy (Win)
3 - Benoit Pouliot (Win)
Power Play
Jets - 1 on 5 Attempt(s) - 20.00%
Senateurs - 1 on 3 Attempt(s) - 33.33%
Penalty Kill
Jets - 2 on 3 Attempt(s) - 66.67%
- Score 0 goal in Penalty Kill
Senateurs - 4 on 5 Attempt(s) - 80.00%
- Score 0 goal in Penalty Kill
Team Stat
Jets - Hits : 28 - Faceoff Wins : 31 - Blocked Shots : 11 - Penalty Minutes : 21
Senateurs - Hits : 21 - Faceoff Wins : 32 - Blocked Shots : 16 - Penalty Minutes : 15
Official
Referees : Hasenfratz Mike and VanMassenhoven Don
Linesman : Brian Murphy and Jonny Murray
Game Notes
Jeff Deslauriers enters game at 2:03 of 2nd period
B.J. Crombeen beats up Tyler Myers at 11:01 of 3rd period
Finance
Level 1 -- Attendance: 6000 (100.00%) -- Ticket Income $498,000
Level 2 -- Attendance: 5000 (100.00%) -- Ticket Income $265,000
Level 3 -- Attendance: 2000 (100.00%) -- Ticket Income $66,000
Level 4 -- Attendance: 3984 (99.60%) -- Ticket Income $91,632
Luxury Box -- Attendance: 1000 (100.00%) -- Ticket Income $155,000
Game was played at the Place Banque Scotia.
Total Attendance: 17984 (99.91%)
Total Ticket Income: $1,075,632
Other Income: $161,345
Total Income: $1,236,977
Jets
5 vs 5 Forward
Center Left Wing Right Wing Time % Phy DF OF
1 Derek Roy Benoit Pouliot Dustin Brown 35 1 2 2
2 Derek Stepan Alexander Frolov Devin Setoguchi 30 1 2 2
3 Joe Colborne Marcus Johansson Lee Stempniak 23 0 3 2
4 James Wright Erik Haula Josh Bailey 12 1 2 2
5 vs 5 Defense
Defense Defense Time % Phy DF OF
1 Shea Weber Marco Scandella 40 1 3 1
2 Tyler Myers Eric Gelinas 30 1 2 2
3 Anton Volchenkov Justin Falk 25 1 2 2
4 Shea Weber Tyler Myers 5 1 2 2
PowerPlay Forward
Center Left Wing Right Wing Time % Phy DF OF
1 Derek Roy Benoit Pouliot Dustin Brown 60 1 0 4
2 Derek Stepan Alexander Frolov Devin Setoguchi 40 1 0 4
PowerPlay Defense
Defense Defense Time % Phy DF OF
1 Marco Scandella Tyler Myers 60 1 1 3
2 Eric Gelinas Shea Weber 40 0 1 4
Penalty Kill 4 Players Forward
Center Wing Time % Phy DF OF
1 Erik Haula Alexander Frolov 60 1 2 2
2 Joe Colborne Dustin Brown 40 1 2 2
Penalty Kill 4 Players Defense
Defense Defense Time % Phy DF OF
1 Tyler Myers Marco Scandella 60 1 2 2
2 Shea Weber Anton Volchenkov 40 1 2 2
Penalty Kill - 3 Players Forward
Forward Time % Phy DF OF
1 Erik Haula 60 1 2 2
2 Alexander Frolov 40 1 2 2
Penalty Kill - 3 Players Defense
Defense Defense Time % Phy DF OF
1 Shea Weber Tyler Myers 60 1 2 2
2 Marco Scandella Anton Volchenkov 40 1 2 2
4 vs 4 Forward
Center Wing Time % Phy DF OF
1 Derek Stepan Dustin Brown 60 1 2 2
2 Derek Roy Benoit Pouliot 40 1 2 2
4 vs 4 Defense
Defense Defense Time % Phy DF OF
1 Marco Scandella Tyler Myers 60 1 2 2
2 Shea Weber Eric Gelinas 40 1 2 2
Last Minutes Offensive
Center Left Wing Right Wing Defense Defense
Derek Roy Benoit Pouliot Dustin Brown Marco Scandella Shea Weber
Last Minutes Defensive
Center Left Wing Right Wing Defense Defense
Derek Roy Erik Haula Alexander Frolov Shea Weber Tyler Myers
Goaltenders
Starting : Kari Lehtonen
Backup : Jacob Markstrom
Extra Forwards
Normal : Derek Roy, Benoit Pouliot, Dustin Brown - PP : Derek Roy, Benoit Pouliot - PK : Dustin Brown
Extra Defensemen
Normal : Shea Weber, Tyler Myers, Marco Scandella - PP : Shea Weber - PK : Anton Volchenkov, Tyler Myers
Penalty Shots
Derek Roy, Benoit Pouliot, Dustin Brown, Derek Stepan, Erik Haula
Scratches
Fredrik Sjostrom (Healthy), Kevin Klein (Healthy), Michael Rupp (Healthy)
Senateurs
5 vs 5 Forward
Center Left Wing Right Wing Time % Phy DF OF
1 Evgeni Malkin Thomas Vanek B.J. Crombeen 40 1 2 2
2 Cody Hodgson Brenden Morrow Johan Franzen 30 1 2 2
3 David Krejci Ramzi Abid Pascal Dupuis 20 1 2 2
4 Evgeni Malkin Sergei Kostitsyn Thomas Vanek 10 1 2 2
5 vs 5 Defense
Defense Defense Time % Phy DF OF
1 Dan Hamhuis Kurtis Foster 40 1 2 2
2 Cody Franson Carlo Colaiacovo 30 1 2 2
3 Brooks Orpik Vladimir Mihalik 20 1 2 2
4 Dan Girardi Arturs Kulda 10 1 2 2
PowerPlay Forward
Center Left Wing Right Wing Time % Phy DF OF
1 Evgeni Malkin Thomas Vanek B.J. Crombeen 60 1 2 2
2 Cody Hodgson Brenden Morrow Johan Franzen 40 1 2 2
PowerPlay Defense
Defense Defense Time % Phy DF OF
1 Dan Hamhuis Kurtis Foster 60 1 2 2
2 Cody Franson Carlo Colaiacovo 40 1 2 2
Penalty Kill 4 Players Forward
Center Wing Time % Phy DF OF
1 Evgeni Malkin Thomas Vanek 60 1 2 2
2 Brenden Morrow B.J. Crombeen 40 1 2 2
Penalty Kill 4 Players Defense
Defense Defense Time % Phy DF OF
1 Dan Hamhuis Kurtis Foster 60 1 2 2
2 Cody Franson Carlo Colaiacovo 40 1 2 2
Penalty Kill - 3 Players Forward
Forward Time % Phy DF OF
1 Evgeni Malkin 60 1 2 2
2 Thomas Vanek 40 1 2 2
Penalty Kill - 3 Players Defense
Defense Defense Time % Phy DF OF
1 Dan Hamhuis Kurtis Foster 60 1 2 2
2 Cody Franson Carlo Colaiacovo 40 1 2 2
4 vs 4 Forward
Center Wing Time % Phy DF OF
1 Evgeni Malkin Thomas Vanek 60 1 2 2
2 Brenden Morrow B.J. Crombeen 40 1 2 2
4 vs 4 Defense
Defense Defense Time % Phy DF OF
1 Dan Hamhuis Kurtis Foster 60 1 2 2
2 Cody Franson Carlo Colaiacovo 40 1 2 2
Last Minutes Offensive
Center Left Wing Right Wing Defense Defense
Evgeni Malkin Thomas Vanek B.J. Crombeen Dan Hamhuis Kurtis Foster
Last Minutes Defensive
Center Left Wing Right Wing Defense Defense
Evgeni Malkin Thomas Vanek B.J. Crombeen Dan Hamhuis Kurtis Foster
Goaltenders
Starting : Ondrej Pavelec
Backup : Jeff Deslauriers
Extra Forwards
Normal : Ramzi Abid, David Krejci, Sergei Kostitsyn - PP : Ramzi Abid, David Krejci - PK : Sergei Kostitsyn
Extra Defensemen
Normal : Brooks Orpik, Vladimir Mihalik, Dan Girardi - PP : Brooks Orpik - PK : Vladimir Mihalik, Dan Girardi
Penalty Shots
Evgeni Malkin, Thomas Vanek, Brenden Morrow, B.J. Crombeen, Johan Franzen
Scratches
Brandon Dubinsky (Healthy), Milan Hejduk (Healthy), Ryan Malone (Healthy)
% Time on Ice - Jets
Lines # - Real PCT - Wanted PCT - Time Play
Normal Forward
1 - 32% - 35% - 15:51
2 - 27% - 30% - 13:14
3 - 23% - 23% - 11:22
4 - 17% - 12% - 8:33
Normal Defense
1 - 38% - 40% - 18:35
2 - 34% - 30% - 16:28
3 - 24% - 25% - 11:40
4 - 5% - 5% - 2:17
PP Forward
1 - 55% - 60% - 3:25
2 - 45% - 40% - 2:46
PP Defense
1 - 62% - 60% - 3:49
2 - 38% - 40% - 2:22
PK Forward
1 - 72% - 60% - 2:11
2 - 28% - 40% - 0:50
PK Defense
1 - 63% - 60% - 1:54
2 - 37% - 40% - 1:07
PK3 Forward
1 - 0% - 60%
2 - 0% - 40%
PK3 Defense
1 - 0% - 60%
2 - 0% - 40%
44 Forward
1 - 100% - 60% - 1:48
2 - 0% - 40% - 0:00
44 Defense
1 - 71% - 60% - 1:17
2 - 29% - 40% - 0:31
Last Minute Offensive - 0:00
Last Minute Defensive - 0:00
Total
Forward - 60:00
Defense - 60:00
|
% Time on Ice - Senateurs
Lines # - Real PCT - Wanted PCT - Time Play
Normal Forward
1 - 34% - 40% - 16:31
2 - 32% - 30% - 15:55
3 - 28% - 20% - 13:30
4 - 6% - 10% - 3:04
Normal Defense
1 - 38% - 40% - 18:38
2 - 31% - 30% - 15:13
3 - 20% - 20% - 9:35
4 - 11% - 10% - 5:34
PP Forward
1 - 65% - 60% - 1:57
2 - 35% - 40% - 1:04
PP Defense
1 - 69% - 60% - 2:05
2 - 31% - 40% - 0:56
PK Forward
1 - 86% - 60% - 5:20
2 - 14% - 40% - 0:51
PK Defense
1 - 66% - 60% - 4:05
2 - 34% - 40% - 2:06
PK3 Forward
1 - 0% - 60%
2 - 0% - 40%
PK3 Defense
1 - 0% - 60%
2 - 0% - 40%
44 Forward
1 - 91% - 60% - 1:38
2 - 9% - 40% - 0:10
44 Defense
1 - 65% - 60% - 1:10
2 - 35% - 40% - 0:38
Last Minute Offensive - 0:00
Last Minute Defensive - 0:00
Total
Forward - 60:00
Defense - 60:00
|
Play by Play
1st period
0:01 of 1st period - Derek Roy wins face-off versus Evgeni Malkin in neutral zone.
0:10 of 1st period - Snap shot by B.J. Crombeen.
0:10 of 1st period - Deflect By Thomas Vanek.
0:10 of 1st period - Stopped by Kari Lehtonen with a rebound.
0:12 of 1st period - Slapshot by Kurtis Foster.
0:12 of 1st period - Stopped by Kari Lehtonen without a rebound.
0:13 of 1st period - Cody Hodgson wins face-off versus Derek Stepan in Jets zone.
0:25 of 1st period - Off-side.
0:26 of 1st period - David Krejci wins face-off versus Lee Stempniak in neutral zone.
0:31 of 1st period - Snap shot by Ramzi Abid.
0:31 of 1st period - Stopped by Kari Lehtonen with a rebound.
0:33 of 1st period - Minor Penalty to Lee Stempniak for Tripping.
0:34 of 1st period - Erik Haula wins face-off versus Evgeni Malkin in Jets zone.
1:47 of 1st period - Tyler Myers is hit by Thomas Vanek and loses puck.
2:33 of 1st period - Penalty to Lee Stempniak is over, Lee Stempniak is back on ice.
2:37 of 1st period - Alexander Frolov is hit by Carlo Colaiacovo and loses puck.
4:20 of 1st period - Snap shot by Devin Setoguchi.
4:20 of 1st period - Shot Blocked by Carlo Colaiacovo.
5:01 of 1st period - Slapshot by Lee Stempniak.
5:01 of 1st period - Shot Blocked by Dan Hamhuis.
5:03 of 1st period - Snap shot by Derek Roy.
5:03 of 1st period - Goal by Derek Roy - Jets : 1 - Senateurs : 0.
5:04 of 1st period - Evgeni Malkin wins face-off versus Derek Stepan in neutral zone.
5:06 of 1st period - Off-side.
5:07 of 1st period - Evgeni Malkin wins face-off versus Derek Stepan in neutral zone.
5:14 of 1st period - Snap shot by Thomas Vanek.
5:14 of 1st period - Stopped by Kari Lehtonen without a rebound.
5:15 of 1st period - Evgeni Malkin wins face-off versus Derek Roy in Jets zone.
5:16 of 1st period - Slapshot by Thomas Vanek.
5:16 of 1st period - Shot Blocked by Marco Scandella.
5:18 of 1st period - Wrist shot by Evgeni Malkin.
5:18 of 1st period - Shot Blocked by Marco Scandella.
5:20 of 1st period - Wrist shot by Evgeni Malkin.
5:20 of 1st period - Deflect By B.J. Crombeen.
5:20 of 1st period - Shot Misses the Net.
5:20 of 1st period - Puck is out of play.
5:21 of 1st period - Benoit Pouliot wins face-off versus Evgeni Malkin in Jets zone.
5:21 of 1st period - Benoit Pouliot is hit by Thomas Vanek.
5:28 of 1st period - Minor Penalty to Evgeni Malkin for Roughing.
5:29 of 1st period - Sergei Kostitsyn wins face-off versus Derek Roy in Senateurs zone.
7:28 of 1st period - Penalty to Evgeni Malkin is over, Evgeni Malkin is back on ice.
8:01 of 1st period - Ramzi Abid is hit by Lee Stempniak and loses puck.
8:06 of 1st period - Snap shot by Marcus Johansson.
8:06 of 1st period - Stopped by Ondrej Pavelec without a rebound.
8:07 of 1st period - Marcus Johansson wins face-off versus David Krejci in Senateurs zone.
8:13 of 1st period - Minor Penalty to Ramzi Abid for High sticking.
8:14 of 1st period - Evgeni Malkin wins face-off versus Derek Roy in Senateurs zone.
8:49 of 1st period - Snap shot by B.J. Crombeen.
8:49 of 1st period - Shot Misses the Net.
8:55 of 1st period - B.J. Crombeen is hit by Derek Stepan and loses puck.
9:54 of 1st period - Kurtis Foster is hit by Tyler Myers and loses puck.
10:13 of 1st period - Penalty to Ramzi Abid is over, Ramzi Abid is back on ice.
10:23 of 1st period - Wrist shot by Ramzi Abid.
10:23 of 1st period - Stopped by Kari Lehtonen without a rebound.
10:24 of 1st period - David Krejci wins face-off versus Joe Colborne in Jets zone.
10:29 of 1st period - Snap shot by Ramzi Abid.
10:29 of 1st period - Stopped by Kari Lehtonen with a rebound.
10:39 of 1st period - Wrist shot by Lee Stempniak.
10:39 of 1st period - Shot Misses the Net.
10:41 of 1st period - Wrist shot by Joe Colborne.
10:41 of 1st period - Shot Misses the Net.
10:45 of 1st period - Wrist shot by Joe Colborne.
10:45 of 1st period - Stopped by Ondrej Pavelec with a rebound.
10:47 of 1st period - Wrist shot by Joe Colborne.
10:47 of 1st period - Shot Blocked by Vladimir Mihalik.
10:49 of 1st period - Slapshot by Marco Scandella.
10:49 of 1st period - Deflect By Marcus Johansson.
10:49 of 1st period - Shot Blocked by Vladimir Mihalik.
10:49 of 1st period - Puck is out of play.
10:50 of 1st period - Evgeni Malkin wins face-off versus Derek Roy in Senateurs zone.
11:18 of 1st period - Wrist shot by Johan Franzen.
11:18 of 1st period - Stopped by Kari Lehtonen with a rebound.
11:24 of 1st period - Johan Franzen is hit by Shea Weber and loses puck.
11:29 of 1st period - Wrist shot by Derek Stepan.
11:29 of 1st period - Stopped by Ondrej Pavelec with a rebound.
12:03 of 1st period - Slapshot by Tyler Myers.
12:03 of 1st period - Shot Blocked by Kurtis Foster.
12:05 of 1st period - Slapshot by Eric Gelinas.
12:05 of 1st period - Deflect By Erik Haula.
12:05 of 1st period - Shot Blocked by Kurtis Foster.
12:05 of 1st period - Puck is out of play.
12:06 of 1st period - Derek Roy wins face-off versus Cody Hodgson in Senateurs zone.
12:07 of 1st period - Slapshot by Dustin Brown.
12:07 of 1st period - Stopped by Ondrej Pavelec without a rebound.
12:08 of 1st period - Derek Roy wins face-off versus Cody Hodgson in Senateurs zone.
12:13 of 1st period - Wrist shot by Benoit Pouliot.
12:13 of 1st period - Deflect By Derek Roy.
12:13 of 1st period - Shot Misses the Net.
12:13 of 1st period - Puck is out of play.
12:14 of 1st period - Cody Hodgson wins face-off versus Derek Roy in Senateurs zone.
12:14 of 1st period - Cody Hodgson is hit by Benoit Pouliot.
12:34 of 1st period - Wrist shot by Benoit Pouliot.
12:34 of 1st period - Shot Misses the Net.
12:38 of 1st period - Snap shot by Derek Roy.
12:38 of 1st period - Deflect By Benoit Pouliot.
12:38 of 1st period - Shot Blocked by Dan Hamhuis.
12:38 of 1st period - Puck is out of play.
12:39 of 1st period - Derek Stepan wins face-off versus Evgeni Malkin in Senateurs zone.
12:42 of 1st period - Wrist shot by Alexander Frolov.
12:42 of 1st period - Stopped by Ondrej Pavelec with a rebound.
12:44 of 1st period - Slapshot by Shea Weber.
12:44 of 1st period - Shot Misses the Net.
12:46 of 1st period - Wrist shot by Devin Setoguchi.
12:46 of 1st period - Stopped by Ondrej Pavelec with a rebound.
12:48 of 1st period - Wrist shot by Alexander Frolov.
12:48 of 1st period - Shot Misses the Net.
12:50 of 1st period - Slapshot by Marco Scandella.
12:50 of 1st period - Stopped by Ondrej Pavelec with a rebound.
12:52 of 1st period - Slapshot by Marco Scandella.
12:52 of 1st period - Deflect By Devin Setoguchi.
12:52 of 1st period - Goal by Devin Setoguchi - Jets : 2 - Senateurs : 0.
12:53 of 1st period - Evgeni Malkin wins face-off versus Derek Stepan in neutral zone.
12:56 of 1st period - Derek Stepan is hit by B.J. Crombeen.
13:00 of 1st period - Slapshot by Marco Scandella.
13:00 of 1st period - Shot Misses the Net.
13:02 of 1st period - Wrist shot by Devin Setoguchi.
13:02 of 1st period - Goal by Devin Setoguchi - Jets : 3 - Senateurs : 0.
13:03 of 1st period - Derek Roy wins face-off versus Evgeni Malkin in neutral zone.
13:03 of 1st period - Benoit Pouliot is hit by Dan Hamhuis and loses puck.
13:12 of 1st period - Kurtis Foster is hit by Benoit Pouliot and loses puck.
13:56 of 1st period - Snap shot by Ramzi Abid.
13:56 of 1st period - Shot Blocked by Tyler Myers.
14:14 of 1st period - Slapshot by Tyler Myers.
14:14 of 1st period - Shot Misses the Net.
14:16 of 1st period - Snap shot by Josh Bailey.
14:16 of 1st period - Stopped by Ondrej Pavelec without a rebound.
14:17 of 1st period - Brenden Morrow wins face-off versus James Wright in Senateurs zone.
14:17 of 1st period - Brenden Morrow is hit by Josh Bailey.
14:41 of 1st period - Carlo Colaiacovo is hit by Josh Bailey and loses puck.
14:52 of 1st period - Tyler Myers is hit by Brenden Morrow and loses puck.
15:07 of 1st period - James Wright is hit by Cody Hodgson and loses puck.
15:34 of 1st period - Snap shot by Brenden Morrow.
15:34 of 1st period - Shot Misses the Net.
15:36 of 1st period - Slapshot by Arturs Kulda.
15:36 of 1st period - Stopped by Kari Lehtonen without a rebound.
15:37 of 1st period - Derek Roy wins face-off versus Evgeni Malkin in Jets zone.
16:01 of 1st period - Icing by Thomas Vanek.
16:02 of 1st period - David Krejci wins face-off versus Derek Stepan in Senateurs zone.
16:27 of 1st period - Carlo Colaiacovo is hit by Anton Volchenkov and loses puck.
17:44 of 1st period - Dan Hamhuis is hit by Tyler Myers and loses puck.
18:34 of 1st period - Snap shot by Marcus Johansson.
18:34 of 1st period - Shot Blocked by Thomas Vanek.
18:58 of 1st period - Slapshot by Derek Stepan.
18:58 of 1st period - Stopped by Ondrej Pavelec without a rebound.
18:59 of 1st period - David Krejci wins face-off versus Derek Roy in Senateurs zone.
19:08 of 1st period - Snap shot by Ramzi Abid.
19:08 of 1st period - Stopped by Kari Lehtonen without a rebound.
19:09 of 1st period - Derek Roy wins face-off versus David Krejci in Jets zone.
19:09 of 1st period - Derek Roy is hit by David Krejci.
19:39 of 1st period - Wrist shot by Ramzi Abid.
19:39 of 1st period - Deflect By Pascal Dupuis.
19:39 of 1st period - Shot Misses the Net.
19:39 of 1st period - Puck is out of play.
19:40 of 1st period - Evgeni Malkin wins face-off versus Derek Stepan in Jets zone.
19:49 of 1st period - Wrist shot by Thomas Vanek.
19:49 of 1st period - Shot Misses the Net.
19:55 of 1st period - Snap shot by Devin Setoguchi.
19:55 of 1st period - Stopped by Ondrej Pavelec with a rebound.
Goals for this period are 3 for Jets vs 0 for Senateurs.
Shots for this period are 13 for Jets vs 9 for Senateurs.
2nd period
0:01 of 2nd period - Derek Stepan wins face-off versus Evgeni Malkin in neutral zone.
0:10 of 2nd period - Wrist shot by Derek Stepan.
0:10 of 2nd period - Stopped by Ondrej Pavelec with a rebound.
0:12 of 2nd period - Slapshot by Marco Scandella.
0:12 of 2nd period - Stopped by Ondrej Pavelec with a rebound.
0:14 of 2nd period - Wrist shot by Shea Weber.
0:14 of 2nd period - Shot Misses the Net.
0:31 of 2nd period - Snap shot by B.J. Crombeen.
0:31 of 2nd period - Shot Misses the Net.
0:33 of 2nd period - Snap shot by Thomas Vanek.
0:33 of 2nd period - Stopped by Kari Lehtonen without a rebound.
0:34 of 2nd period - Cody Hodgson wins face-off versus Derek Roy in Jets zone.
0:41 of 2nd period - Snap shot by Cody Hodgson.
0:41 of 2nd period - Deflect By Johan Franzen.
0:41 of 2nd period - Stopped by Kari Lehtonen with a rebound.
1:04 of 2nd period - Slapshot by Johan Franzen.
1:04 of 2nd period - Stopped by Kari Lehtonen without a rebound.
1:05 of 2nd period - Derek Stepan wins face-off versus Evgeni Malkin in Jets zone.
1:05 of 2nd period - Derek Stepan is hit by Thomas Vanek.
1:31 of 2nd period - Lee Stempniak is hit by Kurtis Foster and loses puck.
2:03 of 2nd period - Wrist shot by Erik Haula.
2:03 of 2nd period - Goal by Erik Haula - Jets : 4 - Senateurs : 0.
2:03 of 2nd period - Jeff Deslauriers enters game.
2:04 of 2nd period - Evgeni Malkin wins face-off versus Derek Stepan in neutral zone.
2:31 of 2nd period - Tyler Myers is hit by Johan Franzen and loses puck.
2:38 of 2nd period - Slapshot by Cody Hodgson.
2:38 of 2nd period - Stopped by Kari Lehtonen without a rebound.
2:39 of 2nd period - Devin Setoguchi wins face-off versus Evgeni Malkin in Jets zone.
2:48 of 2nd period - Snap shot by B.J. Crombeen.
2:48 of 2nd period - Shot Misses the Net.
2:50 of 2nd period - Slapshot by Brooks Orpik.
2:50 of 2nd period - Stopped by Kari Lehtonen without a rebound.
2:51 of 2nd period - Evgeni Malkin wins face-off versus Derek Roy in Jets zone.
2:52 of 2nd period - Wrist shot by B.J. Crombeen.
2:52 of 2nd period - Shot Misses the Net.
2:54 of 2nd period - Wrist shot by Kurtis Foster.
2:54 of 2nd period - Deflect By Benoit Pouliot.
2:54 of 2nd period - Stopped by Kari Lehtonen with a rebound.
2:56 of 2nd period - Backhand shot by Dan Hamhuis.
2:56 of 2nd period - Shot Blocked by Dustin Brown.
2:58 of 2nd period - Wrist shot by Dan Hamhuis.
2:58 of 2nd period - Stopped by Kari Lehtonen without a rebound.
2:59 of 2nd period - Derek Roy wins face-off versus Evgeni Malkin in Jets zone.
5:17 of 2nd period - Snap shot by Derek Roy.
5:17 of 2nd period - Shot Misses the Net.
5:19 of 2nd period - Slapshot by Derek Roy.
5:19 of 2nd period - Stopped by Jeff Deslauriers without a rebound.
5:20 of 2nd period - Derek Stepan wins face-off versus Cody Hodgson in Senateurs zone.
5:25 of 2nd period - Snap shot by Alexander Frolov.
5:25 of 2nd period - Deflect By Derek Stepan.
5:25 of 2nd period - Shot Misses the Net.
5:25 of 2nd period - Puck is out of play.
5:26 of 2nd period - Derek Stepan wins face-off versus Cody Hodgson in Senateurs zone.
5:51 of 2nd period - Marcus Johansson is hit by Pascal Dupuis and loses puck.
6:20 of 2nd period - Wrist shot by Alexander Frolov.
6:20 of 2nd period - Shot Misses the Net.
6:50 of 2nd period - David Krejci is hit by Tyler Myers and loses puck.
7:01 of 2nd period - David Krejci is hit by James Wright and loses puck.
7:16 of 2nd period - Wrist shot by Joe Colborne.
7:16 of 2nd period - Shot Misses the Net.
7:32 of 2nd period - Minor Penalty to Brooks Orpik for Holding.
7:33 of 2nd period - Derek Stepan wins face-off versus Evgeni Malkin in Senateurs zone.
7:43 of 2nd period - Minor Penalty to Derek Stepan for Hooking.
7:44 of 2nd period - Evgeni Malkin wins face-off versus Derek Roy in Jets zone.
7:58 of 2nd period - Snap shot by Derek Roy.
7:58 of 2nd period - Stopped by Jeff Deslauriers with a rebound.
8:08 of 2nd period - Wrist shot by Dustin Brown.
8:08 of 2nd period - Deflect By Benoit Pouliot.
8:08 of 2nd period - Stopped by Jeff Deslauriers with a rebound.
8:30 of 2nd period - Benoit Pouliot is hit by Ramzi Abid and loses puck.
9:32 of 2nd period - Penalty to Brooks Orpik is over, Brooks Orpik is back on ice.
9:43 of 2nd period - Penalty to Derek Stepan is over, Derek Stepan is back on ice.
9:53 of 2nd period - Snap shot by Johan Franzen.
9:53 of 2nd period - Shot Misses the Net.
9:55 of 2nd period - Snap shot by Brenden Morrow.
9:55 of 2nd period - Stopped by Kari Lehtonen with a rebound.
10:29 of 2nd period - Snap shot by Brenden Morrow.
10:29 of 2nd period - Stopped by Kari Lehtonen with a rebound.
10:44 of 2nd period - Thomas Vanek is hit by James Wright and loses puck.
11:03 of 2nd period - Pascal Dupuis is hit by Marco Scandella and loses puck.
12:09 of 2nd period - Devin Setoguchi is hit by Carlo Colaiacovo and loses puck.
12:27 of 2nd period - Minor Penalty to Ramzi Abid for Hooking.
12:28 of 2nd period - Derek Roy wins face-off versus Evgeni Malkin in Senateurs zone.
12:28 of 2nd period - Wrist shot by Benoit Pouliot.
12:28 of 2nd period - Shot Misses the Net.
12:30 of 2nd period - Snap shot by Dustin Brown.
12:30 of 2nd period - Goal by Dustin Brown - Jets : 5 - Senateurs : 0.
12:31 of 2nd period - Derek Stepan wins face-off versus Evgeni Malkin in neutral zone.
12:36 of 2nd period - Slapshot by Derek Stepan.
12:36 of 2nd period - Shot Misses the Net.
13:43 of 2nd period - B.J. Crombeen is hit by Erik Haula and loses puck.
15:18 of 2nd period - Snap shot by Benoit Pouliot.
15:18 of 2nd period - Shot Blocked by Ramzi Abid.
16:53 of 2nd period - Benoit Pouliot is hit by Carlo Colaiacovo.
18:25 of 2nd period - Ramzi Abid is hit by Dustin Brown and loses puck.
19:22 of 2nd period - Icing by Cody Franson.
19:23 of 2nd period - Lee Stempniak wins face-off versus Evgeni Malkin in Senateurs zone.
19:26 of 2nd period - Snap shot by Joe Colborne.
19:26 of 2nd period - Stopped by Jeff Deslauriers with a rebound.
19:28 of 2nd period - Minor Penalty to Thomas Vanek for Hooking.
19:29 of 2nd period - Evgeni Malkin wins face-off versus Derek Roy in Senateurs zone.
19:38 of 2nd period - Kurtis Foster is hit by Benoit Pouliot and loses puck.
Goals for this period are 2 for Jets vs 0 for Senateurs.
Shots for this period are 8 for Jets vs 9 for Senateurs.
3rd period
0:01 of 3rd period - Derek Roy wins face-off versus Evgeni Malkin in neutral zone.
0:04 of 3rd period - Wrist shot by Derek Roy.
0:04 of 3rd period - Stopped by Jeff Deslauriers without a rebound.
0:05 of 3rd period - Derek Roy wins face-off versus Evgeni Malkin in Senateurs zone.
0:08 of 3rd period - Snap shot by Dustin Brown.
0:08 of 3rd period - Stopped by Jeff Deslauriers with a rebound.
0:10 of 3rd period - Slapshot by Derek Roy.
0:10 of 3rd period - Shot Misses the Net.
0:12 of 3rd period - Slapshot by Dustin Brown.
0:12 of 3rd period - Stopped by Jeff Deslauriers without a rebound.
0:13 of 3rd period - Derek Roy wins face-off versus Evgeni Malkin in Senateurs zone.
0:48 of 3rd period - Kurtis Foster is hit by Derek Stepan and loses puck.
1:28 of 3rd period - Penalty to Thomas Vanek is over, Thomas Vanek is back on ice.
2:13 of 3rd period - Slapshot by Joe Colborne.
2:13 of 3rd period - Stopped by Jeff Deslauriers without a rebound.
2:14 of 3rd period - Evgeni Malkin wins face-off versus Joe Colborne in Senateurs zone.
2:56 of 3rd period - Cody Hodgson is hit by Derek Roy and loses puck.
3:28 of 3rd period - Icing by Pascal Dupuis.
3:29 of 3rd period - Joe Colborne wins face-off versus Brenden Morrow in Senateurs zone.
3:34 of 3rd period - Slapshot by Lee Stempniak.
3:34 of 3rd period - Deflect By Marcus Johansson.
3:34 of 3rd period - Shot Misses the Net.
3:34 of 3rd period - Puck is out of play.
3:35 of 3rd period - Joe Colborne wins face-off versus Johan Franzen in Senateurs zone.
3:44 of 3rd period - Snap shot by Kurtis Foster.
3:44 of 3rd period - Goal by Kurtis Foster - Jets : 5 - Senateurs : 1.
3:45 of 3rd period - Derek Stepan wins face-off versus Evgeni Malkin in neutral zone.
3:54 of 3rd period - Shea Weber is hit by Evgeni Malkin.
4:00 of 3rd period - Slapshot by Marco Scandella.
4:00 of 3rd period - Shot Blocked by Kurtis Foster.
4:31 of 3rd period - Wrist shot by David Krejci.
4:31 of 3rd period - Shot Misses the Net.
4:33 of 3rd period - Wrist shot by Ramzi Abid.
4:33 of 3rd period - Stopped by Kari Lehtonen without a rebound.
4:34 of 3rd period - Ramzi Abid wins face-off versus Joe Colborne in Jets zone.
5:41 of 3rd period - Slapshot by Anton Volchenkov.
5:41 of 3rd period - Shot Blocked by Evgeni Malkin.
5:43 of 3rd period - Snap shot by Josh Bailey.
5:43 of 3rd period - Shot Blocked by Kurtis Foster.
5:45 of 3rd period - Snap shot by Erik Haula.
5:45 of 3rd period - Deflect By Josh Bailey.
5:45 of 3rd period - Stopped by Jeff Deslauriers without a rebound.
5:46 of 3rd period - James Wright wins face-off versus Ramzi Abid in Senateurs zone.
5:53 of 3rd period - Wrist shot by Shea Weber.
5:53 of 3rd period - Stopped by Jeff Deslauriers with a rebound.
5:55 of 3rd period - Slapshot by Erik Haula.
5:55 of 3rd period - Stopped by Jeff Deslauriers without a rebound.
5:56 of 3rd period - Ramzi Abid wins face-off versus Derek Roy in Senateurs zone.
6:11 of 3rd period - Snap shot by Derek Roy.
6:11 of 3rd period - Goal by Derek Roy - Jets : 6 - Senateurs : 1.
6:12 of 3rd period - Evgeni Malkin wins face-off versus Derek Stepan in neutral zone.
6:15 of 3rd period - Shea Weber is hit by B.J. Crombeen and loses puck.
6:27 of 3rd period - Kurtis Foster is hit by Derek Stepan.
7:26 of 3rd period - Wrist shot by Josh Bailey.
7:26 of 3rd period - Stopped by Jeff Deslauriers without a rebound.
7:27 of 3rd period - Derek Stepan wins face-off versus Cody Hodgson in Senateurs zone.
7:52 of 3rd period - Derek Roy is hit by B.J. Crombeen.
8:37 of 3rd period - Wrist shot by Josh Bailey.
8:37 of 3rd period - Shot Blocked by Brenden Morrow.
8:45 of 3rd period - Arturs Kulda is hit by James Wright and loses puck.
9:06 of 3rd period - Wrist shot by Derek Roy.
9:06 of 3rd period - Shot Misses the Net.
9:33 of 3rd period - Slapshot by Evgeni Malkin.
9:33 of 3rd period - Goal by Evgeni Malkin - Jets : 6 - Senateurs : 2.
9:34 of 3rd period - Thomas Vanek wins face-off versus Derek Roy in neutral zone.
9:39 of 3rd period - Snap shot by B.J. Crombeen.
9:39 of 3rd period - Stopped by Kari Lehtonen with a rebound.
9:41 of 3rd period - Wrist shot by Thomas Vanek.
9:41 of 3rd period - Shot Blocked by Marco Scandella.
9:43 of 3rd period - Slapshot by Kurtis Foster.
9:43 of 3rd period - Shot Blocked by Shea Weber.
9:45 of 3rd period - Wrist shot by B.J. Crombeen.
9:45 of 3rd period - Shot Blocked by Shea Weber.
9:47 of 3rd period - Wrist shot by Kurtis Foster.
9:47 of 3rd period - Stopped by Kari Lehtonen with a rebound.
9:49 of 3rd period - Wrist shot by Thomas Vanek.
9:49 of 3rd period - Stopped by Kari Lehtonen with a rebound.
10:01 of 3rd period - Pascal Dupuis is hit by Derek Stepan and loses puck.
10:46 of 3rd period - Snap shot by Thomas Vanek.
10:46 of 3rd period - Shot Misses the Net.
10:48 of 3rd period - Slapshot by Carlo Colaiacovo.
10:48 of 3rd period - Stopped by Kari Lehtonen without a rebound.
10:49 of 3rd period - Evgeni Malkin wins face-off versus Derek Roy in Jets zone.
11:00 of 3rd period - Slapshot by Tyler Myers.
11:00 of 3rd period - Stopped by Jeff Deslauriers with a rebound.
11:01 of 3rd period - B.J. Crombeen beats up Tyler Myers.
11:01 of 3rd period - Penalty to B.J. Crombeen for Fighting.
11:01 of 3rd period - Penalty to Tyler Myers for Fighting.
11:01 of 3rd period - Penalty to Tyler Myers for instigated a fight.
11:01 of 3rd period - Penalty to Tyler Myers for instigated a fight.
11:02 of 3rd period - Erik Haula wins face-off versus Thomas Vanek in Senateurs zone.
11:05 of 3rd period - Wrist shot by Erik Haula.
11:05 of 3rd period - Stopped by Jeff Deslauriers without a rebound.
11:06 of 3rd period - Evgeni Malkin wins face-off versus Erik Haula in Senateurs zone.
11:27 of 3rd period - Anton Volchenkov is hit by Evgeni Malkin and loses puck.
11:42 of 3rd period - Slapshot by Evgeni Malkin.
11:42 of 3rd period - Stopped by Kari Lehtonen without a rebound.
11:43 of 3rd period - Cody Hodgson wins face-off versus Erik Haula in Jets zone.
11:48 of 3rd period - Snap shot by Brenden Morrow.
11:48 of 3rd period - Shot Blocked by Marco Scandella.
11:50 of 3rd period - Slapshot by Carlo Colaiacovo.
11:50 of 3rd period - Shot Blocked by Marco Scandella.
11:52 of 3rd period - Slapshot by Brenden Morrow.
11:52 of 3rd period - Goal by Brenden Morrow - Jets : 6 - Senateurs : 3.
11:53 of 3rd period - Evgeni Malkin wins face-off versus Derek Roy in neutral zone.
12:04 of 3rd period - Snap shot by Benoit Pouliot.
12:04 of 3rd period - Goal by Benoit Pouliot - Jets : 7 - Senateurs : 3.
12:05 of 3rd period - Derek Stepan wins face-off versus Evgeni Malkin in neutral zone.
12:10 of 3rd period - Wrist shot by Alexander Frolov.
12:10 of 3rd period - Shot Misses the Net.
12:12 of 3rd period - Slapshot by Marco Scandella.
12:12 of 3rd period - Shot Misses the Net.
12:14 of 3rd period - Snap shot by Devin Setoguchi.
12:14 of 3rd period - Shot Blocked by Kurtis Foster.
12:16 of 3rd period - Slapshot by Devin Setoguchi.
12:16 of 3rd period - Stopped by Jeff Deslauriers with a rebound.
12:18 of 3rd period - Wrist shot by Devin Setoguchi.
12:18 of 3rd period - Shot Blocked by Dan Hamhuis.
12:30 of 3rd period - Ramzi Abid is hit by Lee Stempniak and loses puck.
12:55 of 3rd period - Dan Hamhuis is hit by Eric Gelinas and loses puck.
13:20 of 3rd period - Slapshot by Derek Stepan.
13:20 of 3rd period - Shot Misses the Net.
13:22 of 3rd period - Wrist shot by Alexander Frolov.
13:22 of 3rd period - Shot Misses the Net.
14:30 of 3rd period - James Wright is hit by David Krejci and loses puck.
14:48 of 3rd period - Wrist shot by Devin Setoguchi.
14:48 of 3rd period - Deflect By Alexander Frolov.
14:48 of 3rd period - Shot Misses the Net.
14:48 of 3rd period - Puck is out of play.
14:49 of 3rd period - Derek Roy wins face-off versus Evgeni Malkin in Senateurs zone.
15:28 of 3rd period - Backhand shot by Joe Colborne.
15:28 of 3rd period - Stopped by Jeff Deslauriers without a rebound.
15:29 of 3rd period - David Krejci wins face-off versus Joe Colborne in Senateurs zone.
15:36 of 3rd period - Wrist shot by Ramzi Abid.
15:36 of 3rd period - Shot Blocked by Joe Colborne.
15:38 of 3rd period - Slapshot by Pascal Dupuis.
15:38 of 3rd period - Stopped by Kari Lehtonen without a rebound.
15:39 of 3rd period - Evgeni Malkin wins face-off versus Derek Roy in Jets zone.
15:44 of 3rd period - Wrist shot by Thomas Vanek.
15:44 of 3rd period - Stopped by Kari Lehtonen with a rebound.
15:54 of 3rd period - Dan Hamhuis is hit by Benoit Pouliot and loses puck.
17:06 of 3rd period - Snap shot by Benoit Pouliot.
17:06 of 3rd period - Shot Misses the Net.
17:08 of 3rd period - Snap shot by Dustin Brown.
17:08 of 3rd period - Shot Misses the Net.
17:28 of 3rd period - Snap shot by Evgeni Malkin.
17:28 of 3rd period - Shot Misses the Net.
17:59 of 3rd period - Wrist shot by Derek Stepan.
17:59 of 3rd period - Deflect By Alexander Frolov.
17:59 of 3rd period - Shot Blocked by Evgeni Malkin.
17:59 of 3rd period - Puck is out of play.
18:00 of 3rd period - Evgeni Malkin wins face-off versus Derek Roy in Senateurs zone.
18:29 of 3rd period - David Krejci is hit by Alexander Frolov and loses puck.
18:45 of 3rd period - David Krejci is hit by Erik Haula and loses puck.
19:06 of 3rd period - Eric Gelinas is hit by Dan Hamhuis and loses puck.
19:13 of 3rd period - Dan Hamhuis is hit by Marco Scandella and loses puck.
19:33 of 3rd period - Slapshot by Cody Franson.
19:33 of 3rd period - Shot Blocked by Shea Weber.
19:49 of 3rd period - Wrist shot by Derek Stepan.
19:49 of 3rd period - Stopped by Jeff Deslauriers with a rebound.
Goals for this period are 2 for Jets vs 3 for Senateurs.
Shots for this period are 15 for Jets vs 11 for Senateurs.
Back to the Top